 Dungeon Crawl Stone Soup version 0.31.0-11-ge490571c62 (webtiles) character file.

Game seed: 16752036219479196514

153 qw the Skirmisher (level 5, -8/29 HPs)
             Began as a Deep Elf Hunter on Feb 3, 2024.
             Killed by divine providence
             ... invoked by an orc priest
              (12 damage)
             ... on level 3 of the Dungeon.
             The game lasted 00:00:09 (2080 turns).

qw the Skirmisher (Deep Elf Hunter)                 Turns: 2080, Time: 00:00:10

Health: -8/29      AC:  9    Str: 10    XL:     5   Next: 12%
Magic:  7/7        EV: 11    Int: 14    God:
Gold:   39         SH:  0    Dex: 18    Spells: 4/4 levels left

rFire   . . .        a - +0 shortbow
rCold   . . .        (shield currently unavailable)
rNeg    . . .        e - +2 ring mail
rPois   .            f - +1 helmet
rElec   .            (no cloak)
rCorr   .            (no gloves)
SInv    .            (no boots)
Will    .....        (no amulet)
Stlth   +            (no ring)
HPRegen 0.24/turn    (no ring)
MPRegen 0.10/turn

%: no passive effects
@: no status effects
A: no striking features
a: no special abilities


You were on level 3 of the Dungeon.
You visited 1 branch of the dungeon, and saw 3 of its levels.

You collected 39 gold pieces.


   Skills:
 - Level 1.5 Fighting
 + Level 8.5 Ranged Weapons
 - Level 2.4 Dodging
 - Level 1.2 Stealth


You had 4 spell levels left.
You didn't know any spells.
Your spell library was empty.

Inventory:

Hand Weapons
 a - a +0 shortbow (weapon)
Armour
 e - a +2 ring mail (worn)
 f - a +1 helmet (worn)
Wands
 b - a wand of mindburst (7)
Potions
 d - a potion of curing
 i - a potion of heal wounds {unknown}

Dungeon Overview and Level Annotations

Branches:
Dungeon (3/15)

Altars:
Dithmenos

Annotations:
D:2 1 runed translucent door, Crazy Yiuf


Message History

The orc hits you but does no damage.
You shoot an arrow. The arrow barely misses the orc.
The arrow hits the orc.
The orc is lightly wounded.
The orc closely misses you.
You shoot an arrow.
The arrow hits the orc but does no damage.
The orc is severely wounded.
The orc barely misses you.
You shoot an arrow. The arrow barely misses the orc.
The arrow hits the orc but does no damage.
The orc is lightly wounded.
The orc hits you but does no damage.
You shoot an arrow. The arrow closely misses the orc.
The arrow hits the orc but does no damage.
The orc is lightly wounded.
You hear a shout!
The orc hits you but does no damage. The orc closely misses you.
You shoot an arrow. The arrow hits the orc!
You kill the orc!
An orc priest comes into view. It is wielding a +0 hand axe.
You shoot an arrow. The arrow hits the orc.
The orc is heavily wounded.
The orc priest looks braver for a moment.
The orc hits you with a +0 war axe.
You shoot an arrow. The arrow hits the orc!
You kill the orc!
You shoot an arrow.
The arrow hits the orc priest but does no damage.
The orc priest hits you with a +0 hand axe.
You shoot an arrow.
The arrow closely misses the orc priest.
The orc priest hits you with a +0 hand axe.
You shoot an arrow.
The arrow closely misses the orc priest.
The orc priest hits you but does no damage.
You shoot an arrow. The arrow hits the orc priest.
The orc priest is moderately wounded.
The orc priest mumbles some strange prayers to Beogh against you.
Beogh smites you!
You die...

### ### ###
#.######.#
..
#........#
###.
#.######.#
#...####.#
#.#
#)o@...#
#.#
#.._######
#.# #...
#.# ###.
#.# .. #.#
.o #.# ###
#######.##
.........#
########>##


You could see an orc priest.

Vanquished Creatures
  An orc priest (D:3)
  Natasha (twice) (D:2)
  An adder (D:3)
  2 adder skeletons (D:2)
  An adder zombie (D:2)
  A dart slug (D:1)
  2 orcs (D:3)
  3 endoplasms (D:1)
  5 giant cockroaches
  6 goblins
  4 hobgoblins
  4 jackals
  A quokka (D:1)
  7 ball pythons
  A ball python zombie (D:2)
  4 bats
  4 frilled lizards
  A giant cockroach simulacrum (D:2)
  3 kobolds (D:1)
  A quokka zombie (D:2)
  A rat (D:1)
55 creatures vanquished.

Notes
Turn   | Place    | Note
-------+----------+-------------------------------------------
     0 | D:1      | qw the Deep Elf Hunter began the quest for the Orb.
     0 | D:1      | Reached XP level 1. HP: 12/12 MP: 3/3
     0 | D:1      | 0 ||| qw: Version: 0.3-a-158-g18b3111
     0 | D:1      | 0 ||| qw: Game counter: 4267
     0 | D:1      | 0 ||| qw: Melee chars always use a shield: true
     0 | D:1      | 0 ||| qw: God list: Okawaru
     0 | D:1      | 0 ||| qw: Allow faded altars: false
     0 | D:1      | 0 ||| qw: Do Orc after clearing Dungeon:15 true
     0 | D:1      | 0 ||| qw: Do second Lair branch before Depths: true
     0 | D:1      | 0 ||| qw: Lair rune preference: random
     0 | D:1      | 0 ||| qw: Goals: Normal
     0 | D:1      | 0 ||| PLANNING D:1-11
   121 | D:1      | Reached skill level 6 in Ranged Weapons
   121 | D:1      | Reached XP level 2. HP: 16/16 MP: 4/4
   702 | D:1      | Reached XP level 3. HP: 20/20 MP: 5/5
   782 | D:1      | 782 ||| UPGRADING to +0 ring mail.
   792 | D:1      | 792 ||| DROPPING +0 leather armour.
   793 | D:1      | 793 ||| DROPPING ring of flight.
   794 | D:1      | 794 ||| READING scroll labelled RAGRUT PEDAT.
   794 | D:1      | 794 ||| IDENTIFYING bubbling amethyst potion
   795 | D:1      | 795 ||| READING 2 scrolls labelled KUNADD DINAGI.
   795 | D:1      | 795 ||| ENCHANTING +0 ring mail.
   796 | D:1      | 796 ||| READING scroll of enchant armour.
   796 | D:1      | 796 ||| ENCHANTING +1 ring mail.
   797 | D:1      | 797 ||| DRINKING 2 cyan potions.
   798 | D:1      | 798 ||| DROPPING scroll of butterflies.
   799 | D:1      | 799 ||| DROPPING potion of attraction.
   800 | D:1      | 800 ||| DROPPING potion of invisibility.
  1210 | D:2      | Noticed Natasha
  1217 | D:2      | 1217 ||| RETREEEEATING.
  1218 | D:2      | 1218 ||| RETREEEEATING.
  1219 | D:2      | 1219 ||| RETREEEEATING.
  1220 | D:2      | 1220 ||| STAIRDANCE
  1264 | D:1      | 1264 ||| UPGRADING to +0 helmet.
  1269 | D:1      | 1269 ||| DROPPING ring of magical power.
  1270 | D:1      | 1270 ||| READING scroll labelled LYIPHEATT USHO.
  1371 | D:1      | 1371 ||| DRINKING 2 grey potions.
  1449 | D:2      | Reached skill level 7 in Ranged Weapons
  1504 | D:2      | Killed Natasha
  1505 | D:2      | Reached XP level 4. HP: 22/25 MP: 6/6
  1523 | D:2      | Identified the +3 dagger of Darkness {pain, ^Contam rElec
                  | rN++ MP-9}
  1636 | D:2      | 1636 ||| READING scroll of enchant armour.
  1636 | D:2      | 1636 ||| ENCHANTING +0 helmet.
  1704 | D:2      | Found a runed translucent door.
  1705 | D:2      | Noticed Crazy Yiuf
  1901 | D:2      | Noticed Natasha
  1904 | D:2      | 1904 ||| FLEEEEING.
  1908 | D:2      | Killed Natasha
  1909 | D:2      | Reached skill level 8 in Ranged Weapons
  2051 | D:3      | Found a shadowy altar of Dithmenos.
  2057 | D:3      | 2057 ||| FLEEEEING.
  2069 | D:3      | Reached XP level 5. HP: 12/29 MP: 7/7
  2077 | D:3      | HP: 7/29 [orc priest/+0 hand axe (5)]
  2078 | D:3      | HP: 3/29 [orc priest/+0 hand axe (4)]
  2080 | D:3      | Killed from afar by an orc priest

Levels and vault maps discovered:
D:1:      lightli_arrival_farm, layout_basic, hex_large
D:2:      layout_loops_ring, hangedman_decor_points, dilly_guarded_unrand_morg,
          uniq_crazy_yiuf_cottage
D:3:      layout_basic, nicolae_qazlal_eye_of_the_storm,
          overflow_temple_1_default

Skill      XL: |  1  2  3  4 |
---------------+-------------+-----
Ranged Weapons | 6 7 8 |  8.5
Fighting       | |  1.5
Dodging        | |  2.4
Stealth        | |  1.2

Action                     |  1- 3 |  4- 6 || total
---------------------------+-------+-------++-------
   Fire: Shortbow          |   134 |    40 ||   174
    Use: Scroll            |     4 |     1 ||     5
         Potion            |     2 |       ||     2
 Armour: Leather armour    |    13 |       ||    13
         Ring mail         |    14 |    17 ||    31
  Dodge: Dodged            |    30 |     4 ||    34

Table legend:
 A = Non-vault XP
 B = Vault XP
 C = Vault XP percentage of total XP
 D = Non-vault monster count
 E = Vault monster count
 F = Vault count percentage of total count
                 A         B        C        D         E       F
            +---------+---------+-------+---------+---------+-------
      Total |     165 |      54 |  24.7 |      48 |       7 |  12.7
            +---------+---------+-------+---------+---------+-------
        D:1 |      45 |       0 |   0.0 |      27 |       0 |   0.0
        D:2 |      54 |      54 |  50.0 |      14 |       7 |  33.3
        D:3 |      66 |       0 |   0.0 |       7 |       0 |   0.0
            +---------+---------+-------+---------+---------+-------
